 Dungeon Crawl Stone Soup version 0.25.0-15-gac7dcb8919 (webtiles) character file.

Game seed: 18130562294106048049

5 lepoulpe303 the Ducker (level 1, -1/9 HPs)
             Began as a Spriggan Earth Elementalist on June 29, 2020.
             Slain by a hobgoblin
             ... wielding a +0 club
              (6 damage)
             ... on level 1 of the Dungeon.
             The game lasted 00:01:15 (280 turns).

lepoulpe303 the Ducker (Spriggan Earth Elementalist) Turns: 280, Time: 00:01:15

Health: -1/9       AC:  2    Str:  4    XL:     1   Next: 66%
Magic:  2/5        EV: 18    Int: 16    God:
Gold:   0          SH:  0    Dex: 16    Spells: 4/5 levels left

rFire    . . .     SeeInvis +   f - +0 short sword
rCold    . . .     Gourm    .   (shield restricted)
rNeg     . . .     Faith    .   c - +0 robe
rPois    .         Spirit   .   (helmet restricted)
rElec    .         Reflect  .   (no cloak)
rCorr    .         Harm     .   (gloves unavailable)
MR       .....                  (boots unavailable)
Stlth    ++........             (no amulet)
HPRegen  0.03/turn              (no ring)
MPRegen  0.09/turn              (no ring)

@: very quick
A: very small, unfitting armour, see invisible, herbivore, speed 3, slow
metabolism 2
a: no special abilities


You were on level 1 of the Dungeon.
You were not hungry.

You visited 1 branch of the dungeon, and saw 1 of its levels.

Inventory:

Hand Weapons
 f - a +0 short sword (weapon)
Missiles
 Q - 21 stones (quivered)
Armour
 c - a +0 robe (worn)
Scrolls
 a - a scroll of enchant armour {unknown}
 b - a scroll of identify {unknown}
Potions
 d - a potion of stabbing {unknown}
Comestibles
 e - 2 rations


   Skills:
 + Level 0.1 Fighting
 + Level 0.0 Short Blades
 + Level 3.1 Dodging
 + Level 3.1 Stealth
 * Level 2.9 Spellcasting
   Level 1.3 Transmutations
 * Level 2.8 Earth Magic


You had 4 spell levels left.
You knew the following spells:

 Your Spells              Type           Power        Failure   Level  Hunger
a - Sandblast             Erth           ##....       6%          1    #......

Your spell library contained the following spells:

 Spells                   Type           Power        Failure   Level  Hunger
 Passwall                 Tmut/Erth      #.......     12%         2    ##.....
 Stone Arrow              Conj/Erth      #.....       32%         3    ###....
 Petrify                  Tmut/Erth      #.......     63%         4    #####..
 Lee's Rapid Deconstruct  Erth           ##........   86%         5    ######.


Dungeon Overview and Level Annotations

Branches:
Dungeon (1/15)

Altars:


Innate Abilities, Weirdness & Mutations

You are very small and have problems with some larger weapons.
You are too small for most types of armour.
You have supernaturally acute eyesight. (SInv)
You are a herbivore.
You cover ground extremely quickly.
You need to consume almost no food.


Message History

* * * LOW HITPOINT WARNING * * *
You take 4 damage, and have 5/9 hp.
MASSIVE DAMAGE!!
Aim: a hobgoblin, wielding a +0 club The blast of sand misses the hobgoblin.
Q - 23 stones You now have 4/5 mp.
Aim: a hobgoblin, wielding a +0 club The blast of sand hits the hobgoblin.
Q - 22 stones You now have 3/5 mp.
Aim: a hobgoblin, wielding a +0 club (severely wounded)
The blast of sand misses the hobgoblin.
Q - 21 stones You now have 2/5 mp.
You hit the hobgoblin but do no damage. The hobgoblin completely misses you.
You barely miss the hobgoblin. The hobgoblin barely misses you.
You hit the hobgoblin but do no damage. The hobgoblin hits you with a +0 club.
Ouch! That really hurt!
You die...

#.# #.# # #†#
######## ##
#.#
#......####.
#.#
#†####......
#.#
##..########.
#.#
#......†.....
#.#
##.########.#.
#@###..# #.#.
#.g....# #.#.
###.##.# #.#.
#.##.# #.#.
#.##.# #.#.
#.##.# #.#.
#....# #.
#....#..#
#.#####.#


You could see a hobgoblin.

Levels and vault maps discovered:
D:1:      zelgadis_glass_arrival_small, layout_loops_ring, minivault_5

Notes
Turn   | Place    | Note
-------+----------+-------------------------------------------
     0 | D:1      | lepoulpe303 the Spriggan Earth Elementalist began the quest
                  | for the Orb.
     0 | D:1      | Reached XP level 1. HP: 9/9 MP: 5/5
   127 | D:1      | Identified a +0 club
   222 | D:1      | Identified a +0 short sword
   224 | D:1      | Identified a +0 dagger
   280 | D:1      | Slain by a hobgoblin

Table legend:
 A = Turns spent in this place as a percentage of turns spent in the entire game.
 B = Non-inter-level travel turns spent in this place as a percentage of non-inter-level travel turns spent in the entire game.
 C = Inter-level travel turns spent in this place as a percentage of turns spent in this place.
 D = Turns resting spent in this place as a percentage of non-inter-level travel turns spent in this place.
 E = Turns spent auto-exploring this place as a percentage of non-inter-level travel turns spent in this place.
 F = Non-inter-level travel turns spent in this place divided by the number of levels of this place that you've seen.
                   A       B       C       D       E      F
               +-------+-------+-------+-------+-------+----------------------
         Total | 100.0 | 100.0 |   0.0 |  24.3 |  50.0 | 280.0
       Dungeon | 100.0 | 100.0 |   0.0 |  24.3 |  50.0 | 280.0
               +-------+-------+-------+-------+-------+----------------------

Table legend:
 A = Kills in this place as a percentage of kills in entire the game.
 B = Kills by you in this place as a percentage of kills by you in the entire game.
 C = Kills by friends in this place as a percentage of kills by friends in the entire game.
 D = Other kills in this place as a percentage of other kills in the entire game.
 E = Experience gained in this place as a percentage of experience gained in the entire game.
 F = Experience gained in this place divided by the number of levels of this place that you have seen.
                   A       B       C       D       E      F
               +-------+-------+-------+-------+-------+----------------------
         Total | 100.0 | 100.0 |   N/A |   N/A | 100.0 |   8.0
       Dungeon | 100.0 | 100.0 |   N/A |   N/A | 100.0 |   8.0
               +-------+-------+-------+-------+-------+----------------------

Action                   || total
-------------------------++-------
Melee: Unarmed           ||    11
       Short sword       ||     3
 Cast: Sandblast         ||    11
Armor: Robe              ||     6
Dodge: Dodged            ||    23

Vanquished Creatures
  A ball python (D:1)
  A bat (D:1)
  A kobold (D:1)
  3 rats (D:1)
6 creatures vanquished.
